 Dungeon Sprint DCSS version 0.24-a0-250-g6074511092 (webtiles) character file.

Game seed: 13772521015116950993

226 Redear the Covered (level 5, -5/55 HPs)
             Began as a Deep Dwarf Fighter on Apr 15, 2019.
             Was a Priest of Makhleb.
             Slain by a gnoll
             ... wielding a +0 halberd
              (13 damage)
             ... in the Dungeon (Sprint VII: "The Pits").
             The game lasted 00:01:24 (163 turns).

Redear the Covered (Deep Dwarf Fighter)              Turns: 163, Time: 00:01:25

Health: -5/55      AC:  7    Str: 19    XL:     5   Next: 69%
Magic:  3/3        EV:  9    Int:  9    God:    Makhleb [***...]
Gold:   0          SH:  0    Dex: 13    Spells: 4/4 levels left

rFire    . . .     SeeInvis .   a - +0 flail
rCold    . . .     Gourm    .   (no shield)
rNeg     . . .     Faith    .   b - +0 scale mail
rPois    .         Spirit   .   (no helmet)
rElec    .         Reflect  .   (no cloak)
rCorr    .         Harm     .   (no gloves)
MR       .....     NoTele   +   (no boots)
Stlth    ..........             (no amulet)
HPRegen  0.00/turn              (no ring)
MPRegen  0.08/turn              (no ring)

@: non-regenerating
A: damage resistance, heal wounds, sense surroundings 1, no regeneration
a: Heal Wounds, Minor Destruction, Lesser Servant of Makhleb, Renounce Religion


You were in the Dungeon.
You worshipped Makhleb.
Makhleb was most pleased with you.
You were not hungry.

You visited 1 branch

Inventory:

Hand Weapons
 a - a +0 flail (weapon)
 e - a +2 hand axe
 f - a +2 mace
Armour
 b - a +0 scale mail (worn)
 c - a +0 shield
Scrolls
 k - 5 scrolls of amnesia
 l - a scroll of summoning
 B - a scroll of blinking {@r4}
 N - 3 scrolls of remove curse
Potions
 d - a potion of might {Str+5 DMG+1d10 | @q3}
 g - a potion of heal wounds {@q1}
 h - 2 potions of invisibility
 i - 4 potions of magic
 j - 3 potions of berserk rage
 H - a potion of haste {@q5}
 Q - a potion of curing {@q2}
Comestibles
 z - 9 rations


   Skills:
 + Level 6.0 Fighting
 + Level 6.2 Maces & Flails
 + Level 7.3 Armour
 + Level 7.2 Shields


You had 4 spell levels left.
You didn't know any spells.
Your spell library was empty.

Dungeon Overview and Level Annotations

Branches:
Dungeon (1/1)

Altars:
Ashenzari
Cheibriados
Dithmenos
Elyvilon
Fedhas
Gozag
Hepliaklqana
Kikubaaqudgha
Makhleb
Nemelex Xobeh
Okawaru
Qazlal
Ru
Sif Muna
Trog
Uskayaw
Vehumet
Wu Jian
Xom
Yredelemnul
Zin
The Shining One
Beogh
Jiyva
Lugonu


Innate Abilities, Weirdness & Mutations

You are resistant to damage.
You can heal yourself by infusing magical energy.
You passively map a small area around you.
You do not regenerate.


Message History

The gnoll is heavily wounded.
The gnoll barely misses you.
The gnoll hits you from afar with a +0 halberd.
The gnoll hits you but does no damage.
You hit the gnoll.
You kill the gnoll!
Makhleb accepts your kill.
You feel better.
The gnoll hits you from afar with a +0 halberd!
* * * LOW HITPOINT WARNING * * *
You take 6 damage, and have 14/55 hp.
Unknown command.
The gnoll hits you with a +0 halberd!
* * * LOW HITPOINT WARNING * * *
Things that are here:
a +0 spear; a gnoll corpse You take 6 damage, and have 8/55 hp.
Your scale mail prevents you from hitting the gnoll.
The gnoll hits you with a +0 halberd!
You die...

#_______...###########++
*
##########'##...........
#.?(.'.))'.##......#..#
,
##########.##..........
#...........'...........
*+#####'#####......#..#.
, #.)..)##........... ,*
#####)#####'#####+ *
,#...@)##.......# +
#...g.##.......# *
###'####.......#*,, g..,
#...<...# ,*,.....,
*#.......# #......,,
#.......#* #######
#.......# , ######### *
* ,,* *** * **


You could see a gnoll.

Vanquished Creatures
  A floating eye (D)
  A gnoll sergeant (D)
  5 gnolls (D)
  An ufetubus (D)
  A giant cockroach (D)
  A goblin (D)
  A quokka (D)
  A kobold (D)
  A rat (D)
13 creatures vanquished.

Notes
Turn   | Place    | Note
-------+----------+-------------------------------------------
     0 | D        | Redear the Deep Dwarf Fighter began the quest for the Orb.
     0 | D        | Reached XP level 1. HP: 20/20 MP: 1/1
    52 | D        | Found a glowing golden altar of the Shining One.
    52 | D        | Found a glowing silver altar of Zin.
    52 | D        | Found a basalt altar of Yredelemnul.
    52 | D        | Found a shimmering altar of Xom.
    52 | D        | Found an ornate altar of the Wu Jian Council.
    52 | D        | Found a bloodstained altar of Trog.
    52 | D        | Found a deep blue altar of Sif Muna.
    52 | D        | Found a sacrificial altar of Ru.
    52 | D        | Found a stormy altar of Qazlal.
    52 | D        | Found an iron altar of Okawaru.
    52 | D        | Found a sparkling altar of Nemelex Xobeh.
    52 | D        | Found a burning altar of Makhleb.
    52 | D        | Found a viscous altar of Jiyva.
    52 | D        | Found a hazy altar of Hepliaklqana.
    52 | D        | Found an opulent altar of Gozag.
    52 | D        | Found a blossoming altar of Fedhas.
    52 | D        | Found a white marble altar of Elyvilon.
    52 | D        | Found a shadowy altar of Dithmenos.
    52 | D        | Found a snail-covered altar of Cheibriados.
    53 | D        | Found a radiant altar of Vehumet.
    53 | D        | Found a corrupted altar of Lugonu.
    53 | D        | Found a roughly hewn altar of Beogh.
    54 | D        | Found an ancient bone altar of Kikubaaqudgha.
    54 | D        | Found a hide-covered altar of Uskayaw.
    54 | D        | Found a shattered altar of Ashenzari.
    62 | D        | Became a worshipper of Makhleb the Destroyer
    75 | D        | Your magical essence is drained by the effort!
    81 | D        | Reached skill level 3 in Fighting
    81 | D        | Reached skill level 4 in Armour
    81 | D        | Reached skill level 4 in Shields
    81 | D        | Reached XP level 2. HP: 19/28 MP: 1/1
    87 | D        | Noticed a floating eye
    90 | D        | Paralysed by a floating eye for 3 turns
    94 | D        | Killed a floating eye
    94 | D        | Reached * piety under Makhleb
    94 | D        | Reached skill level 5 in Fighting
    94 | D        | Reached skill level 5 in Maces & Flails
    94 | D        | Reached skill level 6 in Armour
    94 | D        | Reached skill level 6 in Shields
    94 | D        | Reached XP level 3. HP: 25/39 MP: 2/2
    94 | D        | Reached XP level 4. HP: 30/46 MP: 3/3
   104 | D        | Noticed a gnoll sergeant
   114 | D        | Reached ** piety under Makhleb
   125 | D        | Killed a gnoll sergeant
   125 | D        | Reached XP level 5. HP: 40/55 MP: 4/4
   133 | D        | Reached skill level 7 in Armour
   133 | D        | Reached skill level 7 in Shields
   137 | D        | Reached skill level 6 in Maces & Flails
   150 | D        | Your magical essence is drained by the effort!
   151 | D        | Reached *** piety under Makhleb
   151 | D        | Reached skill level 6 in Fighting
   163 | D        | Slain by a gnoll

Levels and vault maps discovered:
D:        pitsprint [storerooms_1, entrance_room_1, metal_vault_1, armoury_3,
          mini_pit_1, grid_room_1, main_hall_1, silver_pit, the_coven_1,
          the_vestibule_1, steel_vault_1, golden_pit, hallway_of_sentries,
          crystal_vault_4, iron_vault_1, final_vault]

Skill      XL: |  1  2  3  4  5 |
---------------+----------------+-----
Fighting       | 3 5 6 |  6.0
Armour         | 4 6 7 |  7.3
Shields        | 4 6 7 |  7.2
Maces & Flails | 5 6 |  6.2

Action                   |  1- 3 |  4- 6 || total
-------------------------+-------+-------++-------
Melee: Flail             |    13 |    52 ||    65
 Abil: Heal Wounds       |     1 |     6 ||     7
Armor: Scale mail        |    17 |    33 ||    50
Dodge: Dodged            |    13 |    48 ||    61

Table legend:
 A = Non-vault XP
 B = Vault XP
 C = Vault XP percentage of total XP
 D = Non-vault monster count
 E = Vault monster count
 F = Vault count percentage of total count
                 A         B        C        D         E       F
            +---------+---------+-------+---------+---------+-------
      Total |       0 |     323 | 100.0 |       0 |      13 | 100.0
            +---------+---------+-------+---------+---------+-------
          D |       0 |     323 | 100.0 |       0 |      13 | 100.0
            +---------+---------+-------+---------+---------+-------
